 Dungeon Crawl Stone Soup version bcrawl-1.19.2-6-g6a88ae04c9 (webtiles) character file.

Game seed: 971254349064688391

12088 Mrkan the Grappler (level 11, -9/115 HPs)
             Began as a Troll Fighter on Dec 26, 2019.
             Was a Priest of Dithmenos.
             Mangled by a five-headed hydra (12 damage)
             ... on level 1 of the Lair of Beasts.
             The game lasted 00:12:41 (7236 turns).

Mrkan the Grappler (Troll Fighter)                  Turns: 7236, Time: 00:12:41

Health: -9/115     AC:  9    Str: 26    XL:     11   Next: 57%
Magic:  10/10      EV:  9    Int:  8    God:    Dithmenos [***...]
Gold:   301        SH: 16    Dex:  9    Spells: 10/10 levels left

rFire    . . .     SeeInvis .     - Unarmed
rCold    . . .     Gourm    +   a - +1 shield
rNeg     + + .     Faith    .   (armour unavailable)
rPois    .         Spirit   .   (helmet restricted)
rElec    .         Reflect  +   (no cloak)
rCorr    .         Harm     .   (gloves unavailable)
MR       .....                  (boots unavailable)
Stlth    +.........             y - +5 amulet of reflection
HPRegen  0.69/turn              i - ring of positive energy
MPRegen  0.12/turn              x - ring of positive energy

@: exhausted, wreathed by umbra
A: large, almost no armour, unfitting armour, claws 3, fast metabolism 3,
gourmand, regeneration 1, AC +9
a: Shadow Step, Renounce Religion


You were on level 1 of the Lair of Beasts.
You worshipped Dithmenos.
Dithmenos was most pleased with you.
You were completely stuffed.

You visited 2 branches of the dungeon, and saw 9 of its levels.

You collected 469 gold pieces.
You spent 168 gold pieces at shops.

Inventory:

Hand Weapons
 w - the +8 scimitar of Superiority {freeze, MR+}
   (You took it off a kobold on level 8 of the Dungeon)

   It has been specially enchanted to freeze those struck by it, causing extra
   injury to most foes and up to half again as much damage against particularly
   susceptible opponents.
   It can also slow down cold-blooded creatures.
   It affects your resistance to hostile enchantments.
Missiles
 e - 55 large rocks (quivered)
Armour
 a - a +1 shield (worn)
Jewellery
 i - a ring of positive energy (left claw)
 x - a ring of positive energy (right claw)
 y - a +5 amulet of reflection (around neck)
Wands
 f - a wand of flame (32)
 z - a wand of disintegration (10)
 A - a wand of paralysis (13)
Scrolls
 d - a scroll of amnesia
 h - 7 scrolls of remove curse
 k - 3 scrolls of enchant weapon
 m - 2 scrolls of teleportation
 p - a scroll of blinking
 v - a scroll of fear {unknown}
 D - a scroll of identify
Potions
 b - 4 potions of might
 g - 3 potions of degeneration
 j - 3 potions of lignification
 l - 4 potions of curing
 n - 2 potions of brilliance
 o - 2 potions of heal wounds
 q - 2 potions of magic
 r - a potion of berserk rage
 s - a potion of invisibility
 t - a potion of haste
 u - a potion of resistance
 C - 3 potions of flight {unknown}
Comestibles
 c - 21 rations {!d}
 B - 7 chunks of flesh


   Skills:
 + Level 9.4 Fighting
 - Level 6.6 Throwing
 - Level 2.4 Dodging
 * Level 7.0 Shields
 - Level 9.6 Unarmed Combat


You had 10 spell levels left.
You didn't know any spells.
Your spell library contained the following spells:

 Spells                   Type           Power        Failure   Level  Hunger
 Corona                   Hex            #......      54%         1    ##.....
 Ensorcelled Hibernation  Hex/Ice        #.....       69%         2    ###....
 Shackle                  Hex            #.......     69%         2    ###....
 False Image              Hex/Summ       #.......     89%         3    ####...
 Inner Flame              Hex/Fire       N/A          89%         3    ####...
 Cause Fear               Hex            #.........   100%        4    #####..
 Yara's Violent Unravell  Hex/Tmut       #.........   100%        4    #####..
 Tree Form                Hex/Tmut       N/A          100%        5    ######.
 Borgnjor's Vile Clutch   Necr/Erth      #.........   100%        6    #######
 Darkness                 Hex            #.........   100%        6    #######
 Infestation              Hex/Tmut/Pois  #........    100%        6    #######
 Shadow Creatures         Summ           N/A          100%        6    #######
 Statue Form              Tmut/Erth      #........    100%        6    #######
 Dragon Form              Tmut           #......      100%        7    #######
 Necromutation            Tmut/Necr      #.......     100%        8    #######
 Time Stop                Chrm/Tloc      N/A          100%        8    #######


Dungeon Overview and Level Annotations

Branches:
Dungeon (8/12)             Temple (0/1) D:6            Lair (1/6) D:8
    Orc: D:8-11

Altars:
Dithmenos
Elyvilon
Qazlal
Sif Muna

Shops:
D:6 %}(   D:8 !


Innate Abilities, Weirdness & Mutations

You cannot wear most types of armour.
Your thick skin is tough. (AC +9)
You are too large for most types of armour.
You have claws for hands.
Your metabolism is lightning-fast.
You like to eat raw meat.
Your natural rate of healing is unusually fast.


Message History

The five-headed hydra bites you but does no damage.
You block the five-headed hydra's attack.
The five-headed hydra bites you!
You block the five-headed hydra's attack.
The five-headed hydra bites you!
* * * LOW HITPOINT WARNING * * *
The five-headed hydra bites you!
* * * LOW HITPOINT WARNING * * *
The five-headed hydra bites you.
* * * LOW HITPOINT WARNING * * *
Aiming: Shadow Step
Press: ? - help, Dir - move target cursor, f/p - five-headed hydra
Aim: a five-headed hydra (almost dead, umbra)
You step into the five-headed hydra's shadow.
You leave a shadowy clone behind.
The five-headed hydra closely misses you.
The five-headed hydra bites you!
* * * LOW HITPOINT WARNING * * *
The five-headed hydra bites you!
You die...

#.# ###.. #.. ..... #.#
#### .. #.# ## P # #.#
..###.#.# #.# ##.......#
####.# #P.......#
####.##.# ##@......#
#.......# ###.D......#
#.......#####.##@......#
#..#...................#
.##.8.#................#
.#.....#...............#
.+..>.8#######.##.#....#
.#......# #..#.......#
.##.8.### #.....#....#


You could see a five-headed hydra and the friendly Mrkan's shadow.

Vanquished Creatures
  Psyche (D:8)
  3 death yaks
  An orc knight (D:8)
  2 orc sorcerers (D:8)
  A centaur zombie (D:8)
  A cane toad (Lair:1)
  A komodo dragon (Lair:1)
  A troll (D:8)
  7 blink frogs (Lair:1)
  3 hippogriffs
  Sigmund (D:6)
  4 hogs (D:7)
  A human (D:7)
  A hungry ghost (D:6)
  A warg (D:8)
  Edmund (D:5)
  A water moccasin (D:8)
  5 porcupines
  2 orc warriors
  2 ice beasts
  A sky beast (D:5)
  A necrophage (D:8)
  3 ogres
  3 phantoms
  7 bullfrogs
  2 big kobolds
  3 scorpions
  3 killer bees (D:8)
  10 wights
  5 howler monkeys
  3 crimson imps (D:4)
  A bullfrog zombie (D:6)
  2 jellies
  6 hounds
  2 orc priests
  5 orc wizards
  A centaur skeleton (D:5)
  2 iguanas (D:4)
  A hell rat (D:7)
  4 worker ants
  A killer bee zombie (D:5)
  A hound zombie (D:6)
  2 river rats (D:8)
  4 adders
  2 shadow imps (D:8)
  An ooze (D:2)
  4 worms
  3 dart slugs
  6 leopard geckos
  31 orcs
  4 bats
  5 giant cockroaches
  8 goblins
  6 hobgoblins
  18 jackals
  4 quokkas
  A ball python (D:2)
  3 frilled lizards (D:2)
  15 kobolds
  7 rats
231 creatures vanquished.

Vanquished Creatures (others)
  2 fungi (Lair:1)
2 creatures vanquished.

Grand Total: 233 creatures vanquished

Notes
Turn   | Place    | Note
-------+----------+-------------------------------------------
     0 | D:1      | Mrkan the Troll Fighter began the quest for the Orb.
     0 | D:1      | Reached XP level 1. HP: 22/22 MP: 0/0
    32 | D:1      | Reached XP level 2. HP: 22/29 MP: 1/1
   307 | D:1      | Reached XP level 3. HP: 13/36 MP: 2/2
   989 | D:2      | Noticed an ogre
   999 | D:2      | Killed an ogre
   999 | D:2      | Gained mutation: Your natural rate of healing is unusually
                  | fast. [Troll growth]
   999 | D:2      | Reached XP level 4. HP: 24/45 MP: 3/3
  1061 | D:2      | Reached XP level 5. HP: 53/53 MP: 4/4
  1357 | D:2      | Found a faded altar of an unknown god.
  1422 | D:2      | Reached skill level 5 in Unarmed Combat
  1455 | D:2      | Found a shadowy altar of Dithmenos.
  1463 | D:2      | Became a worshipper of Dithmenos the Shadowed
  1856 | D:3      | Reached XP level 6. HP: 62/62 MP: 5/5
  1946 | D:3      | Found a shimmering blue altar of Sif Muna.
  2444 | D:4      | Found a white marble altar of Elyvilon.
  2602 | D:4      | Reached XP level 7. HP: 70/70 MP: 6/6
  2913 | D:4      | Reached * piety under Dithmenos
  3122 | D:5      | Entered Level 5 of the Dungeon
  3165 | D:5      | Noticed Edmund
  3183 | D:5      | Killed Edmund
  3278 | D:5      | Reached skill level 5 in Fighting
  3289 | D:5      | Reached XP level 8. HP: 72/80 MP: 7/7
  3722 | D:6      | Found Igaduyn's Food Shop.
  3806 | D:6      | Noticed a hippogriff
  3812 | D:6      | Killed a hippogriff
  3853 | D:6      | Found a staircase to the Ecumenical Temple.
  3972 | D:6      | Reached ** piety under Dithmenos
  3972 | D:6      | Reached skill level 1 in Throwing
  4015 | D:6      | Found Dogoegg's Gadget Shop.
  4177 | D:6      | Reached XP level 9. HP: 89/89 MP: 8/8
  4330 | D:6      | Found Gufiw's Antique Weapon Shoppe.
  4472 | D:6      | Noticed Sigmund
  4482 | D:6      | Killed Sigmund
  4793 | D:7      | Reached skill level 5 in Throwing
  5209 | D:7      | Reached XP level 10. HP: 45/102 MP: 9/9
  5529 | D:8      | Got a bloodstained war axe
  5546 | D:8      | Noticed a death yak
  5547 | D:8      | Noticed a death yak
  5548 | D:8      | Noticed a death yak
  5548 | D:8      | Found a staircase to the Lair.
  5588 | D:7      | HP: 1/104 [death yak (10)]
  5589 | D:7      | Killed a death yak
  5803 | D:8      | Killed a death yak
  5803 | D:8      | Reached *** piety under Dithmenos
  5803 | D:8      | Identified the +8 scimitar of Superiority {freeze, MR+}
  5811 | D:8      | Noticed Psyche
  5819 | D:8      | Killed a death yak
  5819 | D:8      | Reached skill level 5 in Shields
  6024 | D:8      | Noticed an orc knight
  6039 | D:8      | Noticed an orc sorcerer
  6040 | D:8      | Noticed an orc sorcerer
  6044 | D:8      | Noticed a rust devil
  6046 | D:8      | Killed an orc knight
  6046 | D:8      | Reached XP level 11. HP: 44/113 MP: 10/10
  6055 | D:8      | Killed an orc sorcerer
  6063 | D:8      | Killed an orc sorcerer
  6073 | D:8      | HP: 5/113 [poisoned by an orange demon]
  6078 | D:8      | HP: 3/113 [poisoned by an orange demon]
  6083 | D:8      | HP: 3/113 [poisoned by an orange demon]
  6088 | D:8      | HP: 4/113 [poisoned by an orange demon]
  6307 | D:8      | Killed Psyche
  6345 | D:8      | Found Inkoom's Distillery.
  6353 | D:8      | Bought a potion of heal wounds for 60 gold pieces
  6353 | D:8      | Bought a potion of lignification for 36 gold pieces
  6353 | D:8      | Bought a potion of curing for 36 gold pieces
  6353 | D:8      | Bought a potion of curing for 36 gold pieces
  6538 | D:8      | Found a stormy altar of Qazlal.
  6736 | Lair:1   | Entered Level 1 of the Lair of Beasts
  7227 | Lair:1   | Noticed a five-headed hydra
  7236 | Lair:1   | HP: 3/115 [five-headed hydra (12)]
  7236 | Lair:1   | Mangled by a five-headed hydra

Skill      XL: |  1  2  3  4  5  6  7  8  9 10 11 |
---------------+----------------------------------+-----
Unarmed Combat | 3 4 5 6 8 9 |  9.6
Fighting       | 3 4 5 6 7 8 9 |  9.4
Throwing       | 1 6 |  6.6
Shields        | 5 7 |  7.0
Dodging        | |  2.4

Action                   |  1- 3 |  4- 6 |  7- 9 | 10-12 || total
-------------------------+-------+-------+-------+-------++-------
Melee: Unarmed           |   118 |   158 |   317 |   236 ||   829
Throw: Large rock        |       |       |       |    12 ||    12
Invok: Shadow Step       |       |       |       |     2 ||     2
  Use: Scroll            |       |       |       |    14 ||    14
 Stab: Sleeping          |       |     2 |     2 |       ||     4
  Eat: Chunk             |    12 |    10 |    21 |    13 ||    56
Armor: Skin              |    43 |    65 |    93 |    50 ||   251
Dodge: Dodged            |    49 |    60 |    85 |    70 ||   264
Block: Shield            |    55 |    69 |   116 |   175 ||   415
       Reflection        |       |       |       |     2 ||     2
